| TOP OF THE 1ST |
|
Baltimore Orioles batting - Pitching for Detroit Tigers : RHP Caleb Franklin
|
|
Pitching: RHP Caleb Franklin
|
|
|
Batting: RHB Saimei Kudo
|
0-0: Called Strike 0-1: Ball 1-1: Ball 2-1: Called Strike 2-2: Strikes out swinging
|
|
Batting: RHB Vince Jackson
|
0-0: Ball 1-0: Fly out, F9 (Flyball, 9LM, EV 80.0 MPH)
|
|
Batting: RHB Rudo Garciaparra
|
0-0: Ball 1-0: Called Strike 1-1: Ball 2-1: Called Strike 2-2: SOLO HOME RUN (Flyball, 9LD, EV 95.6 MPH), Distance : 341 ft
|
|
Batting: SHB Jason Hayes
|
0-0: Ball 1-0: Called Strike 1-1: Ground out 6-3 (Groundball, 4M, EV 91.9 MPH)
|
| Top of the 1st over - 1 run, 1 hit, 0 errors, 0 left on base; Baltimore 1 - Detroit 0 |
| BOTTOM OF THE 1ST |
|
Detroit Tigers batting - Pitching for Baltimore Orioles : LHP Randy Johnson Jr.
|
|
Pitching: LHP Randy Johnson Jr.
|
|
|
Batting: RHB Andres Leon
|
0-0: Called Strike 0-1: Ball 1-1: Foul Ball, location: 2F 1-2: Ball 2-2: Foul Ball, location: 2F 2-2: Ball 3-2: Foul Ball, location: 2F 3-2: Base on Balls
|
|
Batting: RHB Adrian Novakovic
|
0-0: Foul Ball, location: 2F 0-1: Foul Ball, location: 2F 0-2: Ball 1-2: Ball 2-2: Foul Ball, location: 2F 2-2: Grounds into double play, 6-4-3 (Groundball, 6M, EV 85.0 MPH)
|
|
Batting: SHB Ross Holland
|
0-0: Foul Ball, location: 2F 0-1: Swinging Strike 0-2: Strikes out swinging
|
| Bottom of the 1st over - 0 runs, 0 hits, 0 errors, 0 left on base; Baltimore 1 - Detroit 0 |
| TOP OF THE 2ND |
|
Baltimore Orioles batting - Pitching for Detroit Tigers : RHP Caleb Franklin
|
|
Batting: SHB Robert Handy
|
0-0: Ball 1-0: Called Strike 1-1: Swinging Strike 1-2: Ground out 3-1 (Groundball, 34S, EV 85.0 MPH)
|
|
Batting: LHB Andy Bowman
|
0-0: Called Strike 0-1: Ball 1-1: Foul Ball, location: 2F 1-2: Ball 2-2: Ball 3-2: Base on Balls
|
|
Batting: SHB Cesar Herrera
|
0-0: Called Strike Andy Bowman steals 2nd base (no throw) 0-1: Ball 1-1: Swinging Strike 1-2: Strikes out swinging
|
|
Batting: SHB Tony Prado
|
0-0: Ball 1-0: Ball 2-0: Foul Ball, location: 2F 2-1: Ball 3-1: Foul Ball, location: 2F 3-2: SINGLE (Line Drive, 78S, EV 87.5 MPH) Andy Bowman to third Runner from 3rd tries for Home, SAFE, throw by LF to home
|
|
Batting: SHB Bran Stark
|
0-0: Ground out 2-3 (Groundball, 13S, EV 71.2 MPH)
|
| Top of the 2nd over - 1 run, 1 hit, 0 errors, 1 left on base; Baltimore 2 - Detroit 0 |
| BOTTOM OF THE 2ND |
|
Detroit Tigers batting - Pitching for Baltimore Orioles : LHP Randy Johnson Jr.
|
|
Batting: RHB Victor Quinones
|
0-0: Ball 1-0: Called Strike 1-1: Called Strike 1-2: Strikes out looking
|
|
Batting: RHB Chris Wheatley
|
0-0: Called Strike 0-1: Ball 1-1: Ball 2-1: Ball 3-1: Ground out 6-3 (Groundball, 6, EV 83.8 MPH)
|
|
Batting: LHB Tyler Davis
|
0-0: Ball 1-0: Ball 2-0: Ball 3-0: Base on Balls
|
|
Batting: RHB Dan Friess
|
0-0: Ball 1-0: Ground out 4-3 (Groundball, 34S, EV 81.2 MPH)
|
| Bottom of the 2nd over - 0 runs, 0 hits, 0 errors, 1 left on base; Baltimore 2 - Detroit 0 |
| TOP OF THE 3RD |
|
Baltimore Orioles batting - Pitching for Detroit Tigers : RHP Caleb Franklin
|
|
Batting: RHB Saimei Kudo
|
0-0: Swinging Strike 0-1: Ball 1-1: Called Strike 1-2: Ball 2-2: Ball 3-2: Fly out, F7 (Flyball, 7S, EV 90.0 MPH)
|
|
Batting: RHB Vince Jackson
|
0-0: Called Strike 0-1: Ball 1-1: Fly out, F4 (Popup, 34S, EV 76.9 MPH)
|
|
Batting: RHB Rudo Garciaparra
|
0-0: SOLO HOME RUN (Flyball, 7LD, EV 96.9 MPH), Distance : 369 ft
|
|
Batting: SHB Jason Hayes
|
0-0: Called Strike 0-1: Ball 1-1: SOLO HOME RUN (Flyball, 9D, EV 98.1 MPH), Distance : 374 ft
|
|
Batting: SHB Robert Handy
|
0-0: Ball 1-0: Called Strike 1-1: Swinging Strike 1-2: Ball 2-2: Ball 3-2: Strikes out swinging
|
| Top of the 3rd over - 2 runs, 2 hits, 0 errors, 0 left on base; Baltimore 4 - Detroit 0 |
| BOTTOM OF THE 3RD |
|
Detroit Tigers batting - Pitching for Baltimore Orioles : LHP Randy Johnson Jr.
|
|
Batting: LHB Morgan Black
|
0-0: Ball 1-0: Ball 2-0: SINGLE (Line Drive, 8LS, EV 107.5 MPH)
|
|
Batting: RHB Dave Reynolds
|
0-0: Ball 1-0: Foul Ball, location: 2F 1-1: Ball 2-1: Ball 3-1: Called Strike 3-2: Base on Balls Morgan Black to second
|
|
Batting: RHB Andres Leon
|
0-0: Ball 1-0: Called Strike 1-1: Ball 2-1: Foul Ball, location: 2F 2-2: Strikes out swinging
|
|
Batting: RHB Adrian Novakovic
|
0-0: Called Strike 0-1: Foul Ball, location: 2F 0-2: Ball 1-2: Fly out, F8 (Flyball, 8LD, EV 102.5 MPH) Runner from 2nd tags up, SAFE at 3rd with throw by CF
|
|
Batting: SHB Ross Holland
|
0-0: Ground out 4-3 (Groundball, 4, EV 86.2 MPH)
|
| Bottom of the 3rd over - 0 runs, 1 hit, 0 errors, 2 left on base; Baltimore 4 - Detroit 0 |
| TOP OF THE 4TH |
|
Baltimore Orioles batting - Pitching for Detroit Tigers : RHP Caleb Franklin
|
|
Batting: LHB Andy Bowman
|
0-0: Called Strike 0-1: Ball 1-1: TRIPLE (Flyball, 89XD, EV 94.4 MPH)
|
|
Batting: SHB Cesar Herrera
|
0-0: Called Strike 0-1: Ball 1-1: Foul Ball, location: 2F 1-2: Ground out 5-3 (Groundball, 6S, EV 88.1 MPH) Andy Bowman scores
|
|
Batting: SHB Tony Prado
|
0-0: Swinging Strike 0-1: Ball 1-1: DOUBLE (Line Drive, 7LD, EV 108.1 MPH)
|
|
Batting: SHB Bran Stark
|
0-0: Called Strike Tony Prado steals 3rd, throwing error, E2 Tony Prado scores 0-1: Foul Ball, location: 2F 0-2: Ball 1-2: Fly out, F9 (Line Drive, 9S, EV 95.6 MPH)
|
|
Batting: RHB Saimei Kudo
|
0-0: Called Strike 0-1: Called Strike 0-2: Ball 1-2: Ball 2-2: Foul Ball, location: 2F 2-2: Ball 3-2: Foul Ball, location: 2F 3-2: DOUBLE (Line Drive, 7LM, EV 99.4 MPH)
|
|
Pitching: RHP Bobby Mott
|
|
|
Batting: RHB Vince Jackson
|
0-0: Called Strike 0-1: Swinging Strike 0-2: Strikes out swinging
|
| Top of the 4th over - 2 runs, 3 hits, 1 error, 1 left on base; Baltimore 6 - Detroit 0 |
| BOTTOM OF THE 4TH |
|
Detroit Tigers batting - Pitching for Baltimore Orioles : LHP Randy Johnson Jr.
|
|
Batting: RHB Victor Quinones
|
0-0: SINGLE (Line Drive, 8RS, EV 94.4 MPH)
|
|
Batting: RHB Chris Wheatley
|
0-0: Ball 1-0: Fly out, F4 (Popup, 4MS, EV 59.4 MPH)
|
|
Batting: LHB Tyler Davis
|
0-0: Called Strike Victor Quinones is caught stealing 2nd base 2-6 0-1: Called Strike 0-2: Ball 1-2: Ground out 5-3 (Groundball, 6, EV 84.4 MPH)
|
| Bottom of the 4th over - 0 runs, 1 hit, 0 errors, 0 left on base; Baltimore 6 - Detroit 0 |
| TOP OF THE 5TH |
|
Baltimore Orioles batting - Pitching for Detroit Tigers : RHP Bobby Mott
|
|
Batting: RHB Rudo Garciaparra
|
0-0: Swinging Strike 0-1: Called Strike 0-2: Foul Ball, location: 2F 0-2: Strikes out looking
|
|
Batting: SHB Jason Hayes
|
0-0: Ball 1-0: Swinging Strike 1-1: Foul Ball, location: 2F 1-2: Ball 2-2: Ball 3-2: Strikes out swinging
|
|
Batting: SHB Robert Handy
|
0-0: Ball 1-0: Ground out 3-1 (Groundball, 34, EV 90.6 MPH)
|
| Top of the 5th over - 0 runs, 0 hits, 0 errors, 0 left on base; Baltimore 6 - Detroit 0 |
| BOTTOM OF THE 5TH |
|
Detroit Tigers batting - Pitching for Baltimore Orioles : LHP Randy Johnson Jr.
|
|
Batting: RHB Dan Friess
|
0-0: Ball 1-0: Foul Ball, location: 2F 1-1: Fly out, F3 (Popup, 3, EV 70.6 MPH)
|
|
Batting: LHB Morgan Black
|
0-0: Ground out 4-3 (Groundball, 4, EV 101.9 MPH)
|
|
Batting: RHB Dave Reynolds
|
0-0: Ball 1-0: Ball 2-0: SINGLE (Groundball, 4D, EV 103.1 MPH)
|
|
Batting: RHB Andres Leon
|
0-0: Called Strike 0-1: Ball 1-1: Called Strike 1-2: Fly out, F7 (Flyball, 78M, EV 75.6 MPH)
|
| Bottom of the 5th over - 0 runs, 1 hit, 0 errors, 1 left on base; Baltimore 6 - Detroit 0 |
| TOP OF THE 6TH |
|
Baltimore Orioles batting - Pitching for Detroit Tigers : RHP Bobby Mott
|
|
Batting: LHB Andy Bowman
|
0-0: Ball 1-0: Ball 2-0: Called Strike 2-1: Hit by Pitch
|
|
Batting: SHB Cesar Herrera
|
0-0: Ball 1-0: Called Strike 1-1: Ball 2-1: Foul Ball, location: 2F 2-2: Ball 3-2: Base on Balls Andy Bowman to second
|
|
Batting: SHB Tony Prado
|
0-0: Ball 1-0: Called Strike 1-1: Grounds into double play, 3-6-3 (Groundball, 3S, EV 78.8 MPH) Andy Bowman to third
|
|
Batting: SHB Bran Stark
|
0-0: Swinging Strike 0-1: Swinging Strike 0-2: Strikes out swinging
|
| Top of the 6th over - 0 runs, 0 hits, 0 errors, 1 left on base; Baltimore 6 - Detroit 0 |
| BOTTOM OF THE 6TH |
|
Detroit Tigers batting - Pitching for Baltimore Orioles : LHP Randy Johnson Jr.
|
|
Batting: RHB Adrian Novakovic
|
0-0: Ball 1-0: Ball 2-0: Called Strike 2-1: Fly out, F8 (Flyball, 8RD, EV 106.2 MPH)
|
|
Batting: SHB Ross Holland
|
0-0: Ball 1-0: Ground out 6-3 (Groundball, 6, EV 85.6 MPH)
|
|
Batting: RHB Victor Quinones
|
0-0: Ball 1-0: Foul Ball, location: 2F 1-1: Ball 2-1: Fly out, F8 (Flyball, 8RM, EV 88.1 MPH)
|
| Bottom of the 6th over - 0 runs, 0 hits, 0 errors, 0 left on base; Baltimore 6 - Detroit 0 |
| TOP OF THE 7TH |
|
Baltimore Orioles batting - Pitching for Detroit Tigers : RHP Bobby Mott
|
|
Batting: RHB Saimei Kudo
|
0-0: Ball 1-0: SOLO HOME RUN (Flyball, 8LXD, EV 110.6 MPH), Distance : 437 ft
|
|
Batting: RHB Vince Jackson
|
0-0: Ball 1-0: Ground out 5-3 (Groundball, 5, EV 108.1 MPH)
|
|
Batting: RHB Rudo Garciaparra
|
0-0: Foul Ball, location: 2F 0-1: Swinging Strike 0-2: Ground out 4-3 (Groundball, 4MS, EV 78.8 MPH)
|
|
Batting: SHB Jason Hayes
|
0-0: Called Strike 0-1: Ball 1-1: Called Strike 1-2: Foul Ball, location: 2F 1-2: Fly out, F8 (Line Drive, 8RD, EV 96.9 MPH)
|
| Top of the 7th over - 1 run, 1 hit, 0 errors, 0 left on base; Baltimore 7 - Detroit 0 |
| BOTTOM OF THE 7TH |
|
Detroit Tigers batting - Pitching for Baltimore Orioles : LHP Randy Johnson Jr.
|
|
Batting: RHB Chris Wheatley
|
0-0: Ground out 1-3 (Groundball, 23, EV 75.6 MPH)
|
|
Batting: LHB Tyler Davis
|
0-0: Called Strike 0-1: Ground out 6-3 (Groundball, 4MS, EV 88.1 MPH)
|
|
Batting: RHB Dan Friess
|
0-0: Ball 1-0: Foul Ball, location: 2F 1-1: SINGLE (Flyball, 56D, EV 90.0 MPH) - OUT at second base trying to stretch hit.
|
| Bottom of the 7th over - 0 runs, 1 hit, 0 errors, 0 left on base; Baltimore 7 - Detroit 0 |
| TOP OF THE 8TH |
|
Baltimore Orioles batting - Pitching for Detroit Tigers : RHP Bobby Mott
|
|
Batting: SHB Robert Handy
|
0-0: Ball 1-0: Swinging Strike 1-1: Swinging Strike 1-2: Ball 2-2: Strikes out swinging
|
|
Batting: LHB Andy Bowman
|
0-0: Ball 1-0: Ground out 5-3 (Groundball, 56, EV 101.2 MPH)
|
|
Batting: SHB Cesar Herrera
|
0-0: Swinging Strike 0-1: Foul Ball, location: 2F 0-2: Foul Ball, location: 2F 0-2: Foul Ball, location: 2F 0-2: Ball 1-2: Foul Ball, location: 2F 1-2: Strikes out swinging
|
| Top of the 8th over - 0 runs, 0 hits, 0 errors, 0 left on base; Baltimore 7 - Detroit 0 |
| BOTTOM OF THE 8TH |
|
Detroit Tigers batting - Pitching for Baltimore Orioles : LHP Randy Johnson Jr.
|
|
Batting: LHB Morgan Black
|
0-0: Swinging Strike 0-1: Ball 1-1: Fly out, F8 (Flyball, 8RD, EV 86.2 MPH)
|
|
Batting: RHB Dave Reynolds
|
0-0: Reached via error on a dropped throw from 1B, E1 (Groundball, 34S, EV 75.6 MPH)
|
|
Batting: RHB Andres Leon
|
0-0: Ball 1-0: Foul Ball, location: 2F 1-1: Ball 2-1: Ball 3-1: Base on Balls Dave Reynolds to second
|
|
Pinch Hitting: RHB Brady Jeleniewski
|
0-0: Ball 1-0: Called Strike 1-1: Called Strike 1-2: Foul Ball, location: 2F 1-2: Ball 2-2: Grounds into double play, 4-6-3 (Groundball, 4, EV 88.8 MPH)
|
| Bottom of the 8th over - 0 runs, 0 hits, 1 error, 1 left on base; Baltimore 7 - Detroit 0 |
| TOP OF THE 9TH |
|
Baltimore Orioles batting - Pitching for Detroit Tigers : RHP Bobby Mott
|
|
Now at 3B: Brady Jeleniewski
|
|
|
Now at SS: Andres Leon
|
|
|
Batting: SHB Tony Prado
|
0-0: Ball 1-0: Ball 2-0: Ball 3-0: Called Strike 3-1: Base on Balls
|
|
Pitching: RHP Kevin Hockenbury
|
|
|
Batting: SHB Bran Stark
|
0-0: Called Strike 0-1: Called Strike 0-2: Ball 1-2: Ball 2-2: Ball 3-2: Strikes out swinging Tony Prado is caught stealing 2nd base 2-6 Batter strikes out.
|
|
Batting: RHB Saimei Kudo
|
0-0: Ball 1-0: Ball 2-0: Fly out, F4 (Popup, 4S, EV 76.9 MPH)
|
| Top of the 9th over - 0 runs, 0 hits, 0 errors, 0 left on base; Baltimore 7 - Detroit 0 |
| BOTTOM OF THE 9TH |
|
Detroit Tigers batting - Pitching for Baltimore Orioles : LHP Randy Johnson Jr.
|
|
Batting: SHB Ross Holland
|
0-0: Called Strike 0-1: Fly out, F8 (Line Drive, 8RM, EV 92.5 MPH)
|
|
Batting: RHB Victor Quinones
|
0-0: Foul Ball, location: 2F 0-1: DOUBLE (Groundball, 5L, EV 98.8 MPH)
|
|
Pitching: RHP Andy Rondeau
|
|
|
Batting: RHB Chris Wheatley
|
0-0: Ball 1-0: Called Strike 1-1: Ball 2-1: Ball 3-1: Called Strike 3-2: Foul Ball, location: 2F 3-2: Strikes out swinging
|
|
Batting: LHB Tyler Davis
|
0-0: Ball 1-0: Ball 2-0: Foul Ball, location: 2F 2-1: Fly out, F5 (Popup, 15, EV 82.5 MPH)
|
| Bottom of the 9th over - 0 runs, 1 hit, 0 errors, 1 left on base; Baltimore 7 - Detroit 0 |
|